Flyers vs Oilers
(R1)
Created - 10 novembre 2012 at 22:27
Simulating a Pre-Season
Goals
|
Flyers |
4 |
1 |
1 |
6 |
Oilers |
1 |
1 |
1 |
3 |
|
Shots
|
Flyers |
16 |
7 |
11 |
34 |
Oilers |
4 |
20 |
8 |
32 |
|
1st period
1. Flyers , Loui Eriksson 1 (Jeff O'Neill, Steve Montador) at 3:35
2. Flyers , Loui Eriksson 2 (Martin Erat, Marcel Goc) at 4:20 (PP)
3. Flyers , Marcel Goc 1 (Martin Erat) at 7:34 (PP)
4. Flyers , Simon Gagné 4 (Marc Savard) at 11:01
5. Oilers , Ilya Kovalchuk 4 (Glen Murray, Erik Rasmussen) at 15:40
Penalties :
Glen Murray (Edm) for Hooking (Minor) at 4:16, Ilya Kovalchuk (Edm) for Tripping (Minor) at 6:58
2nd period
6. Oilers , Erik Rasmussen 2 (Joe Pavelski) at 1:26 (PP)
7. Flyers , Loui Eriksson 3 (Martin Erat, Marcel Goc) at 19:04 (PP)
Penalties :
Jeff O'Neill (Phi) for High sticking (Minor) at 0:26, Erik Rasmussen (Edm) for Tripping (Minor) at 10:18, Steve Begin (Edm) for Slashing (Minor) at 16:30, Loui Eriksson (Phi) for High sticking (Minor) at 16:30, Mark Fistric (Edm) for Interference (Minor) at 18:54
3rd period
8. Flyers , Jeff O'Neill 1 (Loui Eriksson, Brad Winchester) at 3:27
9. Oilers , Steve Begin 2 (Craig Rivet, Marty Reasoner) at 7:50
Penalties :
Dan Hamhuis (Edm) for Fighting (Major) at 4:38, Mike Lundin (Phi) for Fighting (Major) at 4:38, Mike Lundin (Phi) for instigated a fight (Minor) at 4:38, Mike Lundin (Phi) for instigated a fight (10 Minutes Misconduct) at 4:38, Scott Niedermayer (Edm) for High sticking (Minor) at 8:04, Dan Hamhuis (Edm) for Holding Stick (Minor) at 15:42
Goalie Stats
Ray Emery (Phi), 29 saves from 32 shots - (0,906), W, 2-2-0, 60:00 minutes
Cam Ward (Edm), 10 saves from 11 shots - (0,909), 20:56 minutes
Thomas Greiss (Edm), 18 saves from 23 shots - (0,783), L, 2-2-0, 39:04 minutes
Players Stats for Flyers
Player Name G A P +/- PIM S H SB GA TA FO MP PP MP PK MP
------------------------------------------------------------------------------------
Andrei Kostitsyn 0 0 0 -1 0 1 4 0 0 0 0/0 13:11 0:15 0:41
Brad Winchester 0 1 1 2 0 0 4 0 0 0 1/1 14:19 0:00 0:33
Brian Campbell 0 0 0 0 0 1 1 1 0 0 0/0 24:34 3:58 0:00
Brooks Orpik 0 0 0 -1 0 1 0 0 0 0 0/0 20:35 2:04 1:12
Ed Jovanovski 0 0 0 1 0 0 0 1 0 0 0/0 14:20 2:26 1:12
Jeff O'Neill 1 1 2 2 2 5 3 0 1 1 2/7 14:48 0:15 0:28
Kyle Wellwood 0 0 0 -1 0 1 1 0 1 0 2/6 12:59 0:00 1:45
Loui Eriksson 3 1 4 2 2 5 1 0 1 0 1/2 16:00 2:43 0:00
Marc Savard 0 1 1 0 0 4 0 0 0 0 18/33 21:22 3:49 0:00
Marcel Goc 1 2 3 0 0 3 0 0 0 0 5/7 9:46 2:43 0:00
Mark Bell 0 0 0 0 0 1 0 0 0 0 0/0 7:00 0:00 0:00
Martin Erat 0 3 3 0 0 3 2 0 0 0 1/1 10:24 2:43 0:00
Mike Lundin 0 0 0 0 17 3 0 1 0 0 0/0 19:27 2:59 0:00
Miroslav Satan 0 0 0 0 0 2 5 0 2 1 4/5 21:21 3:49 0:46
Nolan Pratt 0 0 0 1 0 2 1 0 0 0 0/0 13:45 0:00 1:47
Radek Dvorak 0 0 0 -1 0 0 0 0 0 1 1/1 11:32 0:15 0:00
Simon Gagné 1 0 1 0 0 2 2 1 1 0 1/1 23:07 3:49 1:45
Steve Montador 0 1 1 1 0 0 5 3 0 1 0/0 26:29 2:07 1:47
Players Stats for Oilers
Player Name G A P +/- PIM S H SB GA TA FO MP PP MP PK MP
------------------------------------------------------------------------------------
Craig Rivet 0 1 1 0 0 4 0 2 0 1 0/0 22:29 1:46 3:47
Dan Hamhuis 0 0 0 -1 7 0 2 0 0 0 0/0 18:51 0:35 0:14
Dean McAmmond 0 0 0 0 0 0 0 0 0 0 1/3 6:36 0:00 0:00
Eric Nystrom 0 0 0 0 0 0 2 0 0 0 1/1 9:40 0:00 3:04
Erik Rasmussen 1 1 2 0 2 6 1 0 0 0 15/31 20:47 1:41 0:00
Glen Murray 0 1 1 0 2 2 4 0 0 0 1/2 19:28 1:18 0:00
Ilya Kovalchuk 1 0 1 0 2 5 3 0 0 0 1/1 20:38 1:41 0:12
Joe Pavelski 0 1 1 -1 0 1 1 0 1 1 0/3 16:02 1:41 0:00
Karel Pilar 0 0 0 0 0 0 1 1 0 0 0/0 16:23 1:30 3:00
Mark Fistric 0 0 0 0 2 0 0 0 0 0 0/0 16:37 0:34 3:37
Marty Reasoner 0 1 1 0 0 2 0 0 0 1 3/7 13:57 0:00 3:31
Pascal Dupuis 0 0 0 0 0 1 0 0 0 0 0/0 6:36 0:00 0:00
Patrick Kaleta 0 0 0 0 0 1 2 0 0 0 0/0 9:31 0:00 0:00
Patrick Marleau 0 0 0 -1 0 2 3 0 1 0 0/0 15:56 1:18 0:12
Rob Scuderi 0 0 0 0 0 1 2 2 0 1 0/0 21:53 0:00 3:00
Scott Niedermayer 0 0 0 -1 2 3 1 0 1 0 0/0 24:20 1:33 0:00
Steve Begin 1 0 1 0 2 3 2 1 0 2 0/0 13:58 0:00 3:31
Vernon Fiddler 0 0 0 -1 0 1 4 0 1 0 6/16 17:28 1:18 3:04
3 Stars
1 - Loui Eriksson (Phi)
2 - Marcel Goc (Phi)
3 - Jeff O'Neill (Phi)
Power Play
Flyers - 3 on 6 Attempt(s) - 50,00%
Oilers - 1 on 2 Attempt(s) - 50,00%
Penalty Kill
Flyers - 1 on 2 Attempt(s) - 50,00%
- Score 0 goal in Penalty Kill
Oilers - 3 on 6 Attempt(s) - 50,00%
- Score 0 goal in Penalty Kill
Official
Referees : O'Halloran Dan and L'Ecuyer Frederick
Linesman : Jay Sharrers and Thor Nelson
Game Notes
Loui Eriksson has scored a Hat Trick!
Cam Ward enters game at 19:04 of 2nd period
Dan Hamhuis beats up Mike Lundin at 4:38 of 3rd period
Flyers
5 vs 5 Forward
Center Left Wing Right Wing Time % Phy DF OF
1 Marc Savard Simon Gagné Miroslav Satan 40 1 0 4
2 Jeff O'Neill Loui Eriksson Brad Winchester 30 2 1 2
3 Kyle Wellwood Andrei Kostitsyn Radek Dvorak 25 0 2 3
4 Marcel Goc Mark Bell Martin Erat 5 1 3 1
5 vs 5 Defense
Defense Defense Time % Phy DF OF
1 Steve Montador Brian Campbell 40 1 3 1
2 Brooks Orpik Mike Lundin 30 2 3 0
3 Ed Jovanovski Nolan Pratt 20 1 4 0
4 Steve Montador Mike Lundin 10 1 2 2
PowerPlay Forward
Center Left Wing Right Wing Time % Phy DF OF
1 Marc Savard Simon Gagné Miroslav Satan 60 0 0 5
2 Marcel Goc Loui Eriksson Martin Erat 40 2 0 3
PowerPlay Defense
Defense Defense Time % Phy DF OF
1 Brian Campbell Mike Lundin 60 0 1 4
2 Steve Montador Ed Jovanovski 40 1 1 3
Penalty Kill 4 Players Forward
Center Wing Time % Phy DF OF
1 Kyle Wellwood Simon Gagné 60 0 5 0
2 Jeff O'Neill Brad Winchester 40 1 4 0
Penalty Kill 4 Players Defense
Defense Defense Time % Phy DF OF
1 Steve Montador Nolan Pratt 60 1 4 0
2 Brooks Orpik Ed Jovanovski 40 1 4 0
Penalty Kill - 3 Players Forward
Forward Time % Phy DF OF
1 Jeff O'Neill 60 0 5 0
2 Simon Gagné 40 0 5 0
Penalty Kill - 3 Players Defense
Defense Defense Time % Phy DF OF
1 Steve Montador Nolan Pratt 60 0 5 0
2 Brooks Orpik Ed Jovanovski 40 0 5 0
4 vs 4 Forward
Center Wing Time % Phy DF OF
1 Marc Savard Simon Gagné 60 0 2 3
2 Jeff O'Neill Miroslav Satan 40 1 1 3
4 vs 4 Defense
Defense Defense Time % Phy DF OF
1 Steve Montador Brian Campbell 60 0 2 3
2 Brooks Orpik Mike Lundin 40 2 2 1
Last Minutes Offensive
Center Left Wing Right Wing Defense Defense
Marc Savard Simon Gagné Miroslav Satan Steve Montador Brian Campbell
Last Minutes Defensive
Center Left Wing Right Wing Defense Defense
Marc Savard Simon Gagné Miroslav Satan Steve Montador Brian Campbell
Goaltenders
Starting : Ray Emery
Backup : Jocelyn Thibault
Extra Forwards
Normal : Andrei Kostitsyn, Kyle Wellwood, Marcel Goc - PP : Jeff O'Neill, Andrei Kostitsyn - PK : Miroslav Satan
Extra Defensemen
Normal : Mike Lundin, Nolan Pratt, Brooks Orpik - PP : Brooks Orpik - PK : Mike Lundin, Brian Campbell
Penalty Shots
Marc Savard, Simon Gagné, Jeff O'Neill, Miroslav Satan, Loui Eriksson
Oilers
5 vs 5 Forward
Center Left Wing Right Wing Time % Phy DF OF
1 Erik Rasmussen Ilya Kovalchuk Glen Murray 40 0 1 4
2 Vernon Fiddler Patrick Marleau Joe Pavelski 30 1 2 2
3 Marty Reasoner Steve Begin Patrick Kaleta 20 2 1 2
4 Dean McAmmond Eric Nystrom Pascal Dupuis 10 0 3 2
5 vs 5 Defense
Defense Defense Time % Phy DF OF
1 Scott Niedermayer Rob Scuderi 40 1 2 2
2 Dan Hamhuis Craig Rivet 30 1 2 2
3 Karel Pilar Mark Fistric 20 1 2 2
4 Dan Hamhuis Scott Niedermayer 10 0 2 3
PowerPlay Forward
Center Left Wing Right Wing Time % Phy DF OF
1 Erik Rasmussen Ilya Kovalchuk Joe Pavelski 50 0 1 4
2 Vernon Fiddler Patrick Marleau Glen Murray 50 0 1 4
PowerPlay Defense
Defense Defense Time % Phy DF OF
1 Scott Niedermayer Dan Hamhuis 50 1 2 2
2 Craig Rivet Karel Pilar 50 1 2 2
Penalty Kill 4 Players Forward
Center Wing Time % Phy DF OF
1 Marty Reasoner Steve Begin 50 1 2 2
2 Vernon Fiddler Eric Nystrom 50 1 2 2
Penalty Kill 4 Players Defense
Defense Defense Time % Phy DF OF
1 Craig Rivet Mark Fistric 50 1 2 2
2 Karel Pilar Rob Scuderi 50 1 2 2
Penalty Kill - 3 Players Forward
Forward Time % Phy DF OF
1 Ilya Kovalchuk 60 1 2 2
2 Erik Rasmussen 40 1 2 2
Penalty Kill - 3 Players Defense
Defense Defense Time % Phy DF OF
1 Craig Rivet Mark Fistric 60 1 2 2
2 Karel Pilar Rob Scuderi 40 1 2 2
4 vs 4 Forward
Center Wing Time % Phy DF OF
1 Joe Pavelski Ilya Kovalchuk 50 1 2 2
2 Erik Rasmussen Patrick Marleau 50 1 2 2
4 vs 4 Defense
Defense Defense Time % Phy DF OF
1 Scott Niedermayer Dan Hamhuis 50 1 2 2
2 Karel Pilar Craig Rivet 50 1 2 2
Last Minutes Offensive
Center Left Wing Right Wing Defense Defense
Erik Rasmussen Ilya Kovalchuk Patrick Marleau Scott Niedermayer Karel Pilar
Last Minutes Defensive
Center Left Wing Right Wing Defense Defense
Vernon Fiddler Ilya Kovalchuk Patrick Marleau Scott Niedermayer Craig Rivet
Goaltenders
Starting : Thomas Greiss
Backup : Cam Ward
Extra Forwards
Normal : Patrick Marleau, Glen Murray, Ilya Kovalchuk - PP : Patrick Kaleta, Glen Murray - PK : Ilya Kovalchuk
Extra Defensemen
Normal : Karel Pilar, Craig Rivet, Rob Scuderi - PP : Craig Rivet - PK : Dan Hamhuis, Karel Pilar
Penalty Shots
Ilya Kovalchuk, Patrick Marleau, Glen Murray, Joe Pavelski, Pascal Dupuis
% Time on Ice - Flyers
Lines # - Real PCT - Wanted PCT - Time Play
Normal Forward
1 - 36% - 40% - 17:24
2 - 27% - 30% - 13:10
3 - 22% - 25% - 10:41
4 - 15% - 5% - 7:00
Normal Defense
1 - 36% - 40% - 17:34
2 - 34% - 30% - 16:12
3 - 21% - 20% - 9:56
4 - 9% - 10% - 4:33
PP Forward
1 - 60% - 60% - 4:04
2 - 40% - 40% - 2:43
PP Defense
1 - 64% - 60% - 4:21
2 - 36% - 40% - 2:26
PK Forward
1 - 82% - 60% - 2:26
2 - 18% - 40% - 0:33
PK Defense
1 - 60% - 60% - 1:47
2 - 40% - 40% - 1:12
PK3 Forward
1 - 0% - 60%
2 - 0% - 40%
PK3 Defense
1 - 0% - 60%
2 - 0% - 40%
44 Forward
1 - 81% - 60% - 1:36
2 - 19% - 40% - 0:23
44 Defense
1 - 60% - 60% - 1:11
2 - 40% - 40% - 0:48
Last Minute Offensive - 0:00
Last Minute Defensive - 0:00
Total
Forward - 60:00
Defense - 60:00
|
% Time on Ice - Oilers
Lines # - Real PCT - Wanted PCT - Time Play
Normal Forward
1 - 39% - 40% - 19:02
2 - 27% - 30% - 13:06
3 - 20% - 20% - 9:31
4 - 14% - 10% - 6:36
Normal Defense
1 - 43% - 40% - 20:35
2 - 30% - 30% - 14:24
3 - 22% - 20% - 10:30
4 - 6% - 10% - 2:46
PP Forward
1 - 56% - 50% - 1:41
2 - 44% - 50% - 1:18
PP Defense
1 - 71% - 50% - 2:07
2 - 29% - 50% - 0:52
PK Forward
1 - 52% - 50% - 3:31
2 - 48% - 50% - 3:16
PK Defense
1 - 56% - 50% - 3:47
2 - 44% - 50% - 3:00
PK3 Forward
1 - 0% - 60%
2 - 0% - 40%
PK3 Defense
1 - 0% - 60%
2 - 0% - 40%
44 Forward
1 - 66% - 50% - 1:19
2 - 34% - 50% - 0:40
44 Defense
1 - 67% - 50% - 1:20
2 - 33% - 50% - 0:39
Last Minute Offensive - 0:00
Last Minute Defensive - 0:00
Total
Forward - 60:00
Defense - 60:00
|
Play by Play
1st period
0:01 of 1st period - Miroslav Satan wins face-off versus Erik Rasmussen in neutral zone.
0:05 of 1st period - Off-side.
0:06 of 1st period - Erik Rasmussen wins face-off versus Marc Savard in neutral zone.
0:15 of 1st period - Slapshot by Glen Murray.
0:15 of 1st period - Shot Misses the Net.
0:17 of 1st period - Slapshot by Scott Niedermayer.
0:17 of 1st period - Shot Blocked by Brian Campbell.
0:19 of 1st period - Wrist shot by Rob Scuderi.
0:19 of 1st period - Deflect By Marc Savard.
0:19 of 1st period - Stopped by Ray Emery without a rebound.
0:20 of 1st period - Jeff O'Neill wins face-off versus Vernon Fiddler in Flyers zone.
0:31 of 1st period - Wrist shot by Loui Eriksson.
0:31 of 1st period - Shot Misses the Net.
0:33 of 1st period - Slapshot by Brooks Orpik.
0:33 of 1st period - Stopped by Thomas Greiss with a rebound.
0:35 of 1st period - Snap shot by Brad Winchester.
0:35 of 1st period - Shot Misses the Net.
1:08 of 1st period - Pascal Dupuis is hit by Simon Gagné and loses puck.
2:32 of 1st period - Icing by Brian Campbell.
2:33 of 1st period - Dean McAmmond wins face-off versus Kyle Wellwood in Flyers zone.
3:33 of 1st period - Wrist shot by Jeff O'Neill.
3:33 of 1st period - Shot Misses the Net.
3:35 of 1st period - Slapshot by Loui Eriksson.
3:35 of 1st period - Goal by Loui Eriksson - Flyers : 1 - Oilers : 0.
3:36 of 1st period - Erik Rasmussen wins face-off versus Marc Savard in neutral zone.
3:43 of 1st period - Snap shot by Glen Murray.
3:43 of 1st period - Stopped by Ray Emery without a rebound.
3:44 of 1st period - Erik Rasmussen wins face-off versus Marc Savard in Flyers zone.
4:16 of 1st period - Minor Penalty to Glen Murray for Hooking.
4:17 of 1st period - Marcel Goc wins face-off versus Marty Reasoner in Oilers zone.
4:18 of 1st period - Wrist shot by Martin Erat.
4:18 of 1st period - Shot Misses the Net.
4:20 of 1st period - Snap shot by Loui Eriksson.
4:20 of 1st period - Goal by Loui Eriksson - Flyers : 2 - Oilers : 0.
4:21 of 1st period - Vernon Fiddler wins face-off versus Jeff O'Neill in neutral zone.
4:48 of 1st period - Mike Lundin is hit by Eric Nystrom and loses puck.
5:09 of 1st period - Kyle Wellwood is hit by Patrick Kaleta and loses puck.
5:27 of 1st period - Off-side.
5:28 of 1st period - Martin Erat wins face-off versus Erik Rasmussen in neutral zone.
5:53 of 1st period - Rob Scuderi is hit by Brad Winchester and loses puck.
6:58 of 1st period - Minor Penalty to Ilya Kovalchuk for Tripping.
6:59 of 1st period - Marc Savard wins face-off versus Vernon Fiddler in Oilers zone.
7:12 of 1st period - Slapshot by Simon Gagné.
7:12 of 1st period - Shot Misses the Net.
7:34 of 1st period - Wrist shot by Marcel Goc.
7:34 of 1st period - Goal by Marcel Goc - Flyers : 3 - Oilers : 0.
7:35 of 1st period - Erik Rasmussen wins face-off versus Marc Savard in neutral zone.
8:00 of 1st period - Jeff O'Neill is hit by Vernon Fiddler and loses puck.
8:46 of 1st period - Wrist shot by Martin Erat.
8:46 of 1st period - Stopped by Thomas Greiss without a rebound.
8:47 of 1st period - Marc Savard wins face-off versus Erik Rasmussen in Oilers zone.
8:50 of 1st period - Wrist shot by Miroslav Satan.
8:50 of 1st period - Shot Misses the Net.
9:12 of 1st period - Dan Hamhuis is hit by Loui Eriksson and loses puck.
9:38 of 1st period - Wrist shot by Steve Begin.
9:38 of 1st period - Deflect By Marty Reasoner.
9:38 of 1st period - Stopped by Ray Emery without a rebound.
9:39 of 1st period - Marc Savard wins face-off versus Erik Rasmussen in Flyers zone.
9:47 of 1st period - Icing by Brian Campbell.
9:48 of 1st period - Marc Savard wins face-off versus Erik Rasmussen in Flyers zone.
9:57 of 1st period - Slapshot by Marc Savard.
9:57 of 1st period - Stopped by Thomas Greiss with a rebound.
10:05 of 1st period - Wrist shot by Miroslav Satan.
10:05 of 1st period - Stopped by Thomas Greiss without a rebound.
10:06 of 1st period - Vernon Fiddler wins face-off versus Jeff O'Neill in Oilers zone.
10:19 of 1st period - Patrick Marleau is hit by Brad Winchester and loses puck.
10:28 of 1st period - Mike Lundin is hit by Vernon Fiddler and loses puck.
10:47 of 1st period - Snap shot by Loui Eriksson.
10:47 of 1st period - Stopped by Thomas Greiss with a rebound.
10:49 of 1st period - Slapshot by Mike Lundin.
10:49 of 1st period - Stopped by Thomas Greiss without a rebound.
10:50 of 1st period - Marc Savard wins face-off versus Erik Rasmussen in Oilers zone.
11:01 of 1st period - Snap shot by Simon Gagné.
11:01 of 1st period - Goal by Simon Gagné - Flyers : 4 - Oilers : 0.
11:02 of 1st period - Erik Rasmussen wins face-off versus Marc Savard in neutral zone.
11:05 of 1st period - Brian Campbell is hit by Ilya Kovalchuk and loses puck.
11:25 of 1st period - Icing by Rob Scuderi.
11:26 of 1st period - Erik Rasmussen wins face-off versus Kyle Wellwood in Oilers zone.
11:35 of 1st period - Snap shot by Jeff O'Neill.
11:35 of 1st period - Shot Misses the Net.
11:37 of 1st period - Snap shot by Loui Eriksson.
11:37 of 1st period - Shot Misses the Net.
11:39 of 1st period - Snap shot by Jeff O'Neill.
11:39 of 1st period - Stopped by Thomas Greiss with a rebound.
11:41 of 1st period - Slapshot by Mike Lundin.
11:41 of 1st period - Stopped by Thomas Greiss with a rebound.
11:51 of 1st period - Wrist shot by Scott Niedermayer.
11:51 of 1st period - Shot Blocked by Simon Gagné.
13:45 of 1st period - Nolan Pratt is hit by Steve Begin and loses puck.
14:38 of 1st period - Glen Murray is hit by Martin Erat and loses puck.
14:45 of 1st period - Brooks Orpik is hit by Glen Murray and loses puck.
15:02 of 1st period - Wrist shot by Jeff O'Neill.
15:02 of 1st period - Stopped by Thomas Greiss with a rebound.
15:24 of 1st period - Icing by Kyle Wellwood.
15:25 of 1st period - Kyle Wellwood wins face-off versus Erik Rasmussen in Flyers zone.
15:40 of 1st period - Slapshot by Ilya Kovalchuk.
15:40 of 1st period - Goal by Ilya Kovalchuk - Flyers : 4 - Oilers : 1.
15:41 of 1st period - Erik Rasmussen wins face-off versus Marc Savard in neutral zone.
16:32 of 1st period - Marty Reasoner is hit by Andrei Kostitsyn.
16:51 of 1st period - Karel Pilar is hit by Steve Montador and loses puck.
16:58 of 1st period - Wrist shot by Marcel Goc.
16:58 of 1st period - Stopped by Thomas Greiss without a rebound.
16:59 of 1st period - Marc Savard wins face-off versus Erik Rasmussen in Oilers zone.
17:33 of 1st period - Snap shot by Loui Eriksson.
17:33 of 1st period - Stopped by Thomas Greiss without a rebound.
17:34 of 1st period - Erik Rasmussen wins face-off versus Marc Savard in Oilers zone.
17:45 of 1st period - Snap shot by Glen Murray.
17:45 of 1st period - Shot Blocked by Mike Lundin.
17:59 of 1st period - Brooks Orpik is hit by Vernon Fiddler and loses puck.
18:31 of 1st period - Off-side.
18:32 of 1st period - Marc Savard wins face-off versus Erik Rasmussen in neutral zone.
18:47 of 1st period - Miroslav Satan is hit by Erik Rasmussen.
18:57 of 1st period - Loui Eriksson is hit by Joe Pavelski and loses puck.
19:04 of 1st period - Patrick Marleau is hit by Jeff O'Neill and loses puck.
19:17 of 1st period - Slapshot by Marcel Goc.
19:17 of 1st period - Stopped by Thomas Greiss without a rebound.
19:18 of 1st period - Eric Nystrom wins face-off versus Marcel Goc in Oilers zone.
19:53 of 1st period - Ed Jovanovski is hit by Glen Murray and loses puck.
2nd period
0:01 of 2nd period - Marc Savard wins face-off versus Erik Rasmussen in neutral zone.
0:04 of 2nd period - Erik Rasmussen is hit by Miroslav Satan and loses puck.
0:25 of 2nd period - Joe Pavelski is hit by Brad Winchester.
0:26 of 2nd period - Minor Penalty to Jeff O'Neill for High sticking.
0:27 of 2nd period - Simon Gagné wins face-off versus Erik Rasmussen in Flyers zone.
0:59 of 2nd period - Backhand shot by Scott Niedermayer.
0:59 of 2nd period - Shot Blocked by Steve Montador.
1:01 of 2nd period - Wrist shot by Vernon Fiddler.
1:01 of 2nd period - Stopped by Ray Emery without a rebound.
1:02 of 2nd period - Kyle Wellwood wins face-off versus Joe Pavelski in Flyers zone.
1:20 of 2nd period - Icing by Ilya Kovalchuk.
1:21 of 2nd period - Erik Rasmussen wins face-off versus Miroslav Satan in Oilers zone.
1:26 of 2nd period - Snap shot by Joe Pavelski.
1:26 of 2nd period - Deflect By Erik Rasmussen.
1:26 of 2nd period - Goal by Erik Rasmussen - Flyers : 4 - Oilers : 2.
1:27 of 2nd period - Ilya Kovalchuk wins face-off versus Marc Savard in neutral zone.
2:09 of 2nd period - Wrist shot by Ilya Kovalchuk.
2:09 of 2nd period - Shot Blocked by Steve Montador.
2:26 of 2nd period - Off-side.
2:27 of 2nd period - Marc Savard wins face-off versus Vernon Fiddler in neutral zone.
3:44 of 2nd period - Ed Jovanovski is hit by Patrick Marleau and loses puck.
4:09 of 2nd period - Radek Dvorak is hit by Vernon Fiddler and loses puck.
4:44 of 2nd period - Rob Scuderi is hit by Jeff O'Neill and loses puck.
4:49 of 2nd period - Slapshot by Jeff O'Neill.
4:49 of 2nd period - Shot Blocked by Rob Scuderi.
4:59 of 2nd period - Nolan Pratt is hit by Patrick Kaleta and loses puck.
5:12 of 2nd period - Scott Niedermayer is hit by Miroslav Satan and loses puck.
5:35 of 2nd period - Erik Rasmussen is hit by Andrei Kostitsyn.
5:51 of 2nd period - Steve Begin is hit by Steve Montador and loses puck.
5:58 of 2nd period - Snap shot by Marcel Goc.
5:58 of 2nd period - Deflect By Martin Erat.
5:58 of 2nd period - Stopped by Thomas Greiss without a rebound.
5:59 of 2nd period - Erik Rasmussen wins face-off versus Marc Savard in Oilers zone.
6:06 of 2nd period - Simon Gagné is hit by Glen Murray and loses puck.
6:25 of 2nd period - Patrick Marleau is hit by Brad Winchester and loses puck.
7:15 of 2nd period - Brian Campbell is hit by Dan Hamhuis and loses puck.
7:20 of 2nd period - Wrist shot by Ilya Kovalchuk.
7:20 of 2nd period - Shot Misses the Net.
7:39 of 2nd period - Wrist shot by Marc Savard.
7:39 of 2nd period - Shot Blocked by Craig Rivet.
7:41 of 2nd period - Snap shot by Mike Lundin.
7:41 of 2nd period - Stopped by Thomas Greiss with a rebound.
7:57 of 2nd period - Wrist shot by Steve Begin.
7:57 of 2nd period - Deflect By Patrick Kaleta.
7:57 of 2nd period - Stopped by Ray Emery with a rebound.
7:59 of 2nd period - Slapshot by Craig Rivet.
7:59 of 2nd period - Stopped by Ray Emery with a rebound.
8:01 of 2nd period - Snap shot by Marty Reasoner.
8:01 of 2nd period - Stopped by Ray Emery without a rebound.
8:02 of 2nd period - Marc Savard wins face-off versus Erik Rasmussen in Flyers zone.
8:15 of 2nd period - Wrist shot by Marc Savard.
8:15 of 2nd period - Stopped by Thomas Greiss without a rebound.
8:16 of 2nd period - Miroslav Satan wins face-off versus Glen Murray in Oilers zone.
9:25 of 2nd period - Snap shot by Brian Campbell.
9:25 of 2nd period - Stopped by Thomas Greiss with a rebound.
9:49 of 2nd period - Snap shot by Joe Pavelski.
9:49 of 2nd period - Shot Misses the Net.
10:18 of 2nd period - Minor Penalty to Erik Rasmussen for Tripping.
10:19 of 2nd period - Vernon Fiddler wins face-off versus Marc Savard in Oilers zone.
10:30 of 2nd period - Slapshot by Marc Savard.
10:30 of 2nd period - Shot Blocked by Rob Scuderi.
11:04 of 2nd period - Karel Pilar is hit by Simon Gagné and loses puck.
11:51 of 2nd period - Mark Fistric is hit by Martin Erat and loses puck.
12:16 of 2nd period - Snap shot by Jeff O'Neill.
12:16 of 2nd period - Shot Misses the Net.
12:18 of 2nd period - Penalty to Erik Rasmussen is over, Erik Rasmussen is back on ice.
12:29 of 2nd period - Snap shot by Erik Rasmussen.
12:29 of 2nd period - Stopped by Ray Emery with a rebound.
12:35 of 2nd period - Snap shot by Erik Rasmussen.
12:35 of 2nd period - Stopped by Ray Emery with a rebound.
12:39 of 2nd period - Snap shot by Erik Rasmussen.
12:39 of 2nd period - Stopped by Ray Emery without a rebound.
12:40 of 2nd period - Erik Rasmussen wins face-off versus Marcel Goc in Flyers zone.
12:53 of 2nd period - Snap shot by Ilya Kovalchuk.
12:53 of 2nd period - Shot Misses the Net.
13:20 of 2nd period - Simon Gagné is hit by Eric Nystrom.
13:24 of 2nd period - Snap shot by Simon Gagné.
13:24 of 2nd period - Deflect By Miroslav Satan.
13:24 of 2nd period - Stopped by Thomas Greiss without a rebound.
13:25 of 2nd period - Marc Savard wins face-off versus Dean McAmmond in Oilers zone.
14:03 of 2nd period - Ilya Kovalchuk is hit by Kyle Wellwood and loses puck.
14:55 of 2nd period - Wrist shot by Brad Winchester.
14:55 of 2nd period - Shot Misses the Net.
15:07 of 2nd period - Snap shot by Marc Savard.
15:07 of 2nd period - Stopped by Thomas Greiss with a rebound.
15:25 of 2nd period - Snap shot by Ilya Kovalchuk.
15:25 of 2nd period - Stopped by Ray Emery with a rebound.
15:51 of 2nd period - Wrist shot by Ilya Kovalchuk.
15:51 of 2nd period - Stopped by Ray Emery with a rebound.
15:53 of 2nd period - Slapshot by Glen Murray.
15:53 of 2nd period - Stopped by Ray Emery with a rebound.
15:55 of 2nd period - Wrist shot by Erik Rasmussen.
15:55 of 2nd period - Stopped by Ray Emery with a rebound.
15:57 of 2nd period - Slapshot by Craig Rivet.
15:57 of 2nd period - Stopped by Ray Emery without a rebound.
15:58 of 2nd period - Miroslav Satan wins face-off versus Vernon Fiddler in Flyers zone.
15:58 of 2nd period - Miroslav Satan is hit by Scott Niedermayer.
16:10 of 2nd period - Slapshot by Simon Gagné.
16:10 of 2nd period - Shot Misses the Net.
16:24 of 2nd period - Marty Reasoner is hit by Steve Montador and loses puck.
16:30 of 2nd period - Minor Penalty to Steve Begin for Slashing.
16:30 of 2nd period - Minor Penalty to Loui Eriksson for High sticking.
16:31 of 2nd period - Marc Savard wins face-off versus Joe Pavelski in neutral zone.
16:39 of 2nd period - Off-side.
16:40 of 2nd period - Marc Savard wins face-off versus Joe Pavelski in neutral zone.
16:49 of 2nd period - Patrick Marleau is hit by Brian Campbell and loses puck.
17:00 of 2nd period - Slapshot by Joe Pavelski.
17:00 of 2nd period - Stopped by Ray Emery with a rebound.
17:02 of 2nd period - Wrist shot by Patrick Marleau.
17:02 of 2nd period - Stopped by Ray Emery with a rebound.
17:04 of 2nd period - Snap shot by Joe Pavelski.
17:04 of 2nd period - Shot Misses the Net.
17:06 of 2nd period - Slapshot by Scott Niedermayer.
17:06 of 2nd period - Deflect By Brian Campbell.
17:06 of 2nd period - Stopped by Ray Emery with a rebound.
17:08 of 2nd period - Wrist shot by Joe Pavelski.
17:08 of 2nd period - Shot Misses the Net.
17:10 of 2nd period - Snap shot by Scott Niedermayer.
17:10 of 2nd period - Stopped by Ray Emery without a rebound.
17:11 of 2nd period - Erik Rasmussen wins face-off versus Marc Savard in Flyers zone.
17:39 of 2nd period - Brian Campbell is hit by Patrick Marleau and loses puck.
17:50 of 2nd period - Joe Pavelski is hit by Steve Montador and loses puck.
18:30 of 2nd period - Penalty to Steve Begin is over, Steve Begin is back on ice.
18:30 of 2nd period - Penalty to Loui Eriksson is over, Loui Eriksson is back on ice.
18:41 of 2nd period - Wrist shot by Patrick Kaleta.
18:41 of 2nd period - Shot Misses the Net.
18:43 of 2nd period - Slapshot by Rob Scuderi.
18:43 of 2nd period - Deflect By Steve Begin.
18:43 of 2nd period - Stopped by Ray Emery with a rebound.
18:45 of 2nd period - Snap shot by Steve Begin.
18:45 of 2nd period - Stopped by Ray Emery with a rebound.
18:47 of 2nd period - Slapshot by Scott Niedermayer.
18:47 of 2nd period - Stopped by Ray Emery with a rebound.
18:54 of 2nd period - Minor Penalty to Mark Fistric for Interference.
18:55 of 2nd period - Marcel Goc wins face-off versus Vernon Fiddler in Oilers zone.
19:04 of 2nd period - Wrist shot by Loui Eriksson.
19:04 of 2nd period - Goal by Loui Eriksson - Flyers : 5 - Oilers : 2.
19:04 of 2nd period - Cam Ward enters game.
19:05 of 2nd period - Miroslav Satan wins face-off versus Vernon Fiddler in neutral zone.
19:57 of 2nd period - Snap shot by Martin Erat.
19:57 of 2nd period - Shot Misses the Net.
3rd period
0:01 of 3rd period - Marc Savard wins face-off versus Vernon Fiddler in neutral zone.
0:11 of 3rd period - Icing by Patrick Marleau.
0:12 of 3rd period - Vernon Fiddler wins face-off versus Marc Savard in Oilers zone.
0:29 of 3rd period - Patrick Marleau is hit by Miroslav Satan and loses puck.
0:42 of 3rd period - Loui Eriksson is hit by Glen Murray and loses puck.
1:01 of 3rd period - Mike Lundin is hit by Rob Scuderi and loses puck.
1:53 of 3rd period - Wrist shot by Marc Savard.
1:53 of 3rd period - Deflect By Miroslav Satan.
1:53 of 3rd period - Shot Misses the Net.
1:53 of 3rd period - Puck is out of play.
1:54 of 3rd period - Glen Murray wins face-off versus Jeff O'Neill in Oilers zone.
2:03 of 3rd period - Brian Campbell is hit by Ilya Kovalchuk.
2:19 of 3rd period - Karel Pilar is hit by Steve Montador and loses puck.
2:38 of 3rd period - Dan Hamhuis is hit by Andrei Kostitsyn and loses puck.
2:42 of 3rd period - Icing by Dan Hamhuis.
2:43 of 3rd period - Radek Dvorak wins face-off versus Marty Reasoner in Oilers zone.
2:44 of 3rd period - Snap shot by Kyle Wellwood.
2:44 of 3rd period - Stopped by Cam Ward without a rebound.
2:45 of 3rd period - Marc Savard wins face-off versus Erik Rasmussen in Oilers zone.
2:56 of 3rd period - Steve Montador is hit by Ilya Kovalchuk and loses puck.
3:19 of 3rd period - Slapshot by Jeff O'Neill.
3:19 of 3rd period - Stopped by Cam Ward without a rebound.
3:20 of 3rd period - Loui Eriksson wins face-off versus Vernon Fiddler in Oilers zone.
3:27 of 3rd period - Wrist shot by Loui Eriksson.
3:27 of 3rd period - Deflect By Jeff O'Neill.
3:27 of 3rd period - Goal by Jeff O'Neill - Flyers : 6 - Oilers : 2.
3:28 of 3rd period - Marc Savard wins face-off versus Erik Rasmussen in neutral zone.
3:30 of 3rd period - Off-side.
3:31 of 3rd period - Erik Rasmussen wins face-off versus Marc Savard in neutral zone.
3:34 of 3rd period - Steve Montador is hit by Rob Scuderi and loses puck.
3:47 of 3rd period - Glen Murray is hit by Miroslav Satan and loses puck.
4:20 of 3rd period - Jeff O'Neill is hit by Steve Begin and loses puck.
4:27 of 3rd period - Slapshot by Marty Reasoner.
4:27 of 3rd period - Deflect By Patrick Kaleta.
4:27 of 3rd period - Shot Misses the Net.
4:27 of 3rd period - Puck is out of play.
4:28 of 3rd period - Erik Rasmussen wins face-off versus Marc Savard in Flyers zone.
4:38 of 3rd period - Dan Hamhuis beats up Mike Lundin.
4:38 of 3rd period - Penalty to Dan Hamhuis for Fighting.
4:38 of 3rd period - Penalty to Mike Lundin for Fighting.
4:38 of 3rd period - Penalty to Mike Lundin for instigated a fight.
4:38 of 3rd period - Penalty to Mike Lundin for instigated a fight.
4:39 of 3rd period - Vernon Fiddler wins face-off versus Kyle Wellwood in neutral zone.
4:42 of 3rd period - Slapshot by Patrick Marleau.
4:42 of 3rd period - Stopped by Ray Emery with a rebound.
5:04 of 3rd period - Simon Gagné is hit by Karel Pilar and loses puck.
6:38 of 3rd period - Penalty to Mike Lundin is over, Martin Erat is send on ice.
6:50 of 3rd period - Marty Reasoner is hit by Nolan Pratt and loses puck.
7:01 of 3rd period - Slapshot by Miroslav Satan.
7:01 of 3rd period - Shot Misses the Net.
7:03 of 3rd period - Snap shot by Andrei Kostitsyn.
7:03 of 3rd period - Stopped by Cam Ward with a rebound.
7:05 of 3rd period - Backhand shot by Nolan Pratt.
7:05 of 3rd period - Stopped by Cam Ward without a rebound.
7:06 of 3rd period - Brad Winchester wins face-off versus Dean McAmmond in Oilers zone.
7:07 of 3rd period - Snap shot by Jeff O'Neill.
7:07 of 3rd period - Stopped by Cam Ward with a rebound.
7:17 of 3rd period - Wrist shot by Pascal Dupuis.
7:17 of 3rd period - Stopped by Ray Emery with a rebound.
7:46 of 3rd period - Wrist shot by Marty Reasoner.
7:46 of 3rd period - Shot Misses the Net.
7:48 of 3rd period - Slapshot by Craig Rivet.
7:48 of 3rd period - Stopped by Ray Emery with a rebound.
7:50 of 3rd period - Snap shot by Steve Begin.
7:50 of 3rd period - Goal by Steve Begin - Flyers : 6 - Oilers : 3.
7:51 of 3rd period - Erik Rasmussen wins face-off versus Kyle Wellwood in neutral zone.
8:04 of 3rd period - Minor Penalty to Scott Niedermayer for High sticking.
8:05 of 3rd period - Marc Savard wins face-off versus Marty Reasoner in Oilers zone.
8:15 of 3rd period - Icing by Brian Campbell.
8:16 of 3rd period - Vernon Fiddler wins face-off versus Marc Savard in Flyers zone.
8:43 of 3rd period - Slapshot by Brooks Orpik.
8:43 of 3rd period - Shot Blocked by Craig Rivet.
9:13 of 3rd period - Snap shot by Simon Gagné.
9:13 of 3rd period - Stopped by Cam Ward without a rebound.
9:14 of 3rd period - Marty Reasoner wins face-off versus Loui Eriksson in Oilers zone.
9:38 of 3rd period - Penalty to Dan Hamhuis is over, Dan Hamhuis is back on ice.
10:04 of 3rd period - Penalty to Scott Niedermayer is over, Scott Niedermayer is back on ice.
10:21 of 3rd period - Snap shot by Glen Murray.
10:21 of 3rd period - Deflect By Ilya Kovalchuk.
10:21 of 3rd period - Stopped by Ray Emery with a rebound.
12:34 of 3rd period - Wrist shot by Ilya Kovalchuk.
12:34 of 3rd period - Stopped by Ray Emery without a rebound.
12:35 of 3rd period - Marcel Goc wins face-off versus Erik Rasmussen in Flyers zone.
13:25 of 3rd period - Mark Fistric is hit by Andrei Kostitsyn and loses puck.
13:40 of 3rd period - Snap shot by Erik Rasmussen.
13:40 of 3rd period - Stopped by Ray Emery with a rebound.
13:58 of 3rd period - Snap shot by Martin Erat.
13:58 of 3rd period - Shot Misses the Net.
14:04 of 3rd period - Mark Bell is hit by Dan Hamhuis and loses puck.
14:17 of 3rd period - Vernon Fiddler is hit by Miroslav Satan and loses puck.
14:28 of 3rd period - Brian Campbell is hit by Patrick Marleau and loses puck.
14:38 of 3rd period - 10 Minutes Game Misconduct Penalty to Mike Lundin is over.
15:42 of 3rd period - Minor Penalty to Dan Hamhuis for Holding Stick.
15:43 of 3rd period - Marc Savard wins face-off versus Marty Reasoner in Oilers zone.
16:35 of 3rd period - Wrist shot by Marc Savard.
16:35 of 3rd period - Stopped by Cam Ward without a rebound.
16:36 of 3rd period - Marcel Goc wins face-off versus Vernon Fiddler in Oilers zone.
16:41 of 3rd period - Snap shot by Martin Erat.
16:41 of 3rd period - Shot Blocked by Karel Pilar.
17:39 of 3rd period - Marty Reasoner is hit by Jeff O'Neill and loses puck.
17:42 of 3rd period - Penalty to Dan Hamhuis is over, Dan Hamhuis is back on ice.
17:48 of 3rd period - Slapshot by Radek Dvorak.
17:48 of 3rd period - Shot Blocked by Steve Begin.
17:50 of 3rd period - Wrist shot by Nolan Pratt.
17:50 of 3rd period - Stopped by Cam Ward with a rebound.
17:52 of 3rd period - Wrist shot by Andrei Kostitsyn.
17:52 of 3rd period - Shot Misses the Net.
18:30 of 3rd period - Icing by Mark Fistric.
18:31 of 3rd period - Marcel Goc wins face-off versus Erik Rasmussen in Oilers zone.
18:34 of 3rd period - Snap shot by Martin Erat.
18:34 of 3rd period - Stopped by Cam Ward with a rebound.
19:12 of 3rd period - Wrist shot by Ilya Kovalchuk.
19:12 of 3rd period - Shot Blocked by Steve Montador.
19:14 of 3rd period - Snap shot by Ilya Kovalchuk.
19:14 of 3rd period - Shot Misses the Net.
19:16 of 3rd period - Snap shot by Craig Rivet.
19:16 of 3rd period - Stopped by Ray Emery without a rebound.
19:17 of 3rd period - Jeff O'Neill wins face-off versus Vernon Fiddler in Flyers zone.
19:49 of 3rd period - Wrist shot by Mark Bell.
19:49 of 3rd period - Stopped by Cam Ward without a rebound.
19:50 of 3rd period - Marty Reasoner wins face-off versus Jeff O'Neill in Oilers zone.
19:54 of 3rd period - Off-side.
19:55 of 3rd period - Marty Reasoner wins face-off versus Jeff O'Neill in neutral zone.
19:58 of 3rd period - Wrist shot by Scott Niedermayer.
19:58 of 3rd period - Shot Blocked by Ed Jovanovski.
Output by the SimonT Hockey Simulator (STHS) for François Prévost -- Original Page W3C XHTML 1.0 Valid